Map: Oxide LE

Players

Clem - Winner!

  • Race: Terran Terran

Reynor

  • Race: Zerg Zerg

Event: DreamHack SC2 Masters 2021 Winter

VOD

Have the link to the VOD?

Description

Time

  • Played on: Oct. 16, 2021, 10:35 a.m.
  • Length: 14:46

All games in this series

Show
View Real Time Build Order
Export as new Build Order

Clem Terran - Winner!

Build Orders: Reaper Expand, Hellion Banshee 

Get SALT Encoding   

  12  0:00  SCV  
  13  0:12  SCV  
  14  0:16  Supply Depot  
  14  0:24  SCV  
  15  0:38  SCV, Barracks  
  16  0:43  Refinery  
  16  0:50  SCV  
  17  1:02  SCV  
  18  1:14  SCV  
  19  1:26  Reaper, Orbital Command  
  20  1:39  Command Center  
  20  1:48  Supply Depot  
  20  1:52  SCV  
  21  1:57  Marine  
  22  2:04  SCV  
  23  2:12  Factory  
  23  2:13  Refinery  
  23  2:16  SCV  
  23  2:20  Barracks Reactor  
  24  2:28  SCV  
  25  2:40  SCV  
  26  2:50  Orbital Command  
  26  2:52  SCV  
  26  2:58  Starport  
  27  3:03  Hellion x2  
  27  3:04  SCV  
  32  3:07  Barracks Tech Lab  
  32  3:16  SCV  
  32  3:18  SCV  
  34  3:22  Supply Depot  
  34  3:24  Hellion x2  
  38  3:29  SCV  
  38  3:30  SCV  
  40  3:40  Banshee  
  40  3:41  SCV  
  44  3:43  Cloaking Field  
  44  3:44  SCV  
  44  3:48  Supply Depot, Hellion  
  47  3:49  Hellion  
  47  3:51  Barracks Tech Lab  
  47  3:53  SCV  
  50  3:56  SCV  
  51  4:05  SCV  
  52  4:10  Supply Depot  
  52  4:13  Marine  
  53  4:20  Command Center  
  53  4:22  SCV x2  
  53  4:23  Banshee  
  58  4:27  Factory Reactor  
  58  4:29  Stimpack  
  58  4:31  Marine  
  58  4:34  Barracks  
  58  4:35  SCV x2  
  61  4:41  Barracks  
  61  4:47  SCV  
  61  4:48  SCV  
  61  4:49  Marine  
  62  4:55  Engineering Bay x2  
  62  4:59  SCV  
  63  5:00  SCV  
  63  5:01  Refinery  
  63  5:02  Refinery  
  63  5:05  Supply Depot  
  63  5:07  Marine  
  64  5:12  SCV  
  66  5:16  Starport Reactor  
  58  5:23  Siege Tank, Marine x2  
  58  5:24  SCV, Marine  
  62  5:32  Terran Infantry Weapons Level 1, Barracks  
  62  5:34  Barracks  
  62  5:35  Terran Infantry Armor Level 1  
  62  5:38  Marine  
  62  5:39  Marine  
  62  5:41  SCV, Marine  
  62  5:42  SCV  
  67  5:46  Marine  
  67  5:47  Marine  
  69  5:52  Orbital Command  
  69  5:55  SCV x2  
  69  5:56  Marine  
  72  5:57  Siege Tank  
  72  5:59  Marine  
  72  6:00  Marine  
  77  6:05  Medivac  
  77  6:07  Medivac, Marine  
  77  6:08  SCV  
  77  6:09  SCV  
  84  6:13  Combat Shield, Marine  
  84  6:17  Supply Depot  
  85  6:19  SCV  
  85  6:21  SCV, Barracks Reactor x2  
  85  6:22  Marine  
  85  6:24  Marine  
  85  6:25  Marine  
  90  6:27  Marine  
  90  6:28  SCV  
  90  6:31  Supply Depot, SCV  
  93  6:38  Siege Tank, Marine  
  93  6:39  Supply Depot, SCV  
  98  6:40  Marine  
  98  6:41  SCV  
  98  6:44  SCV  
  98  6:45  Supply Depot  
  101  6:47  Supply Depot  
  101  6:52  Marine x2  
  101  6:53  SCV, Marine  
  101  6:54  SCV  
  106  6:56  Marine  
  106  6:57  Marine  
  106  6:58  Supply Depot, SCV  
  106  7:00  Marine x2  
  111  7:02  Medivac x2  
  111  7:03  Marine  
  111  7:05  Marine  
  117  7:10  Marine x3  
  117  7:13  Marine  
  117  7:14  Marine  
  122  7:16  SCV, Siege Tank  
  122  7:18  SCV x2  
  122  7:19  Refinery  
  122  7:20  Factory, Marine  
  129  7:23  Marine x2  
  129  7:24  Supply Depot  
  129  7:27  Marine  
  129  7:28  Marine x3  
  135  7:33  Armory  
  135  7:34  SCV x2  
  135  7:35  SCV  
  138  7:37  Marine  
  138  7:42  Medivac  
  141  7:45  Marine x2  
  141  7:46  Supply Depot  
  141  7:47  Marine x2  
  141  7:48  Marine  
  145  7:52  Siege Tank  
  145  7:53  Supply Depot  
  145  7:54  Marine  
  145  7:56  Marine x2  
  145  7:57  Medivac, Marine  
  148  7:59  SCV x2  
  148  8:03  Marine  
  148  8:04  Marine  
  148  8:05  Factory Tech Lab, Marine  
  149  8:08  Marine  
  149  8:09  Refinery  
  149  8:17  Command Center  
  149  8:20  Supply Depot  
  149  8:21  Marine x2  
  149  8:22  Terran Infantry Weapons Level 2  
  149  8:25  Terran Infantry Armor Level 2  
  150  8:32  Marine x2  
  150  8:34  Marine x2  
  153  8:35  Supply Depot  
  153  8:36  Marine x2  
  153  8:38  Terran Vehicle Weapons Level 1  
  156  8:41  Supply Depot  
  156  8:42  Siege Tank  
  156  8:43  Marine x2  
  156  8:46  Marine  
  158  8:54  Marine x2  
  155  8:59  Marine x2  
  155  9:00  Siege Tank, Marine  
  161  9:03  Supply Depot  
  161  9:05  Marine x2  
  161  9:07  Medivac x2  
  161  9:09  Marine x2  
  168  9:14  Siege Tank, Marine x2  
  173  9:26  Marine x2  
  176  9:31  SCV x2  
  176  9:32  Siege Tank, Barracks x2  
  176  9:33  SCV  
  176  9:35  Barracks  
  176  9:36  Sensor Tower  
  161  9:40  Marine  
  161  9:43  SCV  
  156  9:46  Widow Mine, Marine  
  156  9:47  SCV  
  160  9:55  Medivac x2  
  160  9:59  Marine x2  
  153  10:00  Marine x2  
  153  10:03  Planetary Fortress  
  153  10:04  Siege Tank  
  153  10:06  SCV x2  
  160  10:08  Siege Tank  
  160  10:12  Marine x2  
  160  10:13  Marine x2  
  166  10:15  Marine  
  166  10:20  SCV x2, Barracks Tech Lab x2  
  169  10:23  Barracks Tech Lab  
  169  10:24  Refinery x2, Ghost Academy  
  169  10:27  SCV  
  170  10:31  Marine x2  
  170  10:32  SCV  
  162  10:36  Siege Tank  
  162  10:38  Marine x2  
  162  10:39  Marine x3  
  162  10:40  Siege Tank  
  169  10:44  Marauder x2  
  173  10:54  Marine x2  
  173  10:56  Marauder  
  177  11:00  Marauder  
  177  11:01  Command Center  
  179  11:09  Marauder, Siege Tank  
  175  11:12  Siege Tank, Marine x4  
  175  11:13  Marine x2  
  175  11:18  Terran Infantry Weapons Level 3  
  182  11:27  Ghost, Terran Infantry Armor Level 3  
  182  11:28  Ghost  
  182  11:29  Marine x2  
  182  11:32  Marine x2  
  188  11:34  Marauder  
  190  11:42  Missile Turret, Siege Tank  
  190  11:44  Ghost  
  192  11:55  Ghost  
  192  11:57  Concussive Shells  
  192  11:59  Marauder, Marine x2  
  192  12:00  Marauder  
  192  12:01  Siege Tank  
  188  12:05  Marine  
  188  12:06  Marine  
  185  12:10  Marine x2  
  185  12:14  Marauder, Siege Tank  
  192  12:20  Marauder  
  192  12:21  Ghost  
  196  12:27  Missile Turret  
  196  12:29  Terran Vehicle Weapons Level 2  
  195  12:33  Siege Tank  
  198  12:38  Command Center  
  198  12:42  Planetary Fortress  
  198  12:46  Command Center  
  198  12:47  Siege Tank  
  198  12:49  Marine  
  198  12:50  Marauder, Marine  
  170  12:59  Ghost  
  170  13:00  Marine  
  170  13:03  Medivac  
  170  13:04  Marine x2  
  170  13:05  Siege Tank  
  174  13:06  Marine x3  
  174  13:08  Marine x2  
  174  13:15  SCV  
  174  13:16  SCV  
  174  13:18  Medivac  
  174  13:19  Siege Tank  
  177  13:20  Marine  
  175  13:27  Marine  
  175  13:28  Marine  
  175  13:29  Ghost  
  175  13:31  SCV  
  175  13:32  Marine x2  
  175  13:33  Marauder, Medivac  
  180  13:37  Siege Tank  
  180  13:40  Marine  
  180  13:41  Marauder, Marine x2  
  178  13:47  Marine x2  
  178  13:48  Medivac  
  179  13:49  Marauder  
  179  13:51  Siege Tank  
  179  13:54  Marauder  
  183  13:58  Marauder  
  183  14:01  Ghost  
  186  14:04  Missile Turret  
  186  14:05  Orbital Command  
  186  14:09  Siege Tank  
  189  14:10  Marauder  
  191  14:17  Marine x2  
  196  14:28  Missile Turret, Sensor Tower  
Show
View Real Time Build Order
Export as new Build Order

Reynor Zerg 

Build Orders: Hatch First 

Get SALT Encoding   

  12  0:00  Drone  
  13  0:12  Overlord  
  13  0:16  Drone  
  14  0:30  Drone x2  
  16  0:47  Hatchery  
  15  0:50  Drone  
  15  0:54  Drone  
  17  0:57  Drone  
  18  1:07  Extractor  
  17  1:12  Spawning Pool  
  17  1:15  Drone  
  17  1:19  Drone  
  18  1:27  Drone  
  19  1:38  Drone  
  20  1:48  Overlord  
  20  1:59  Queen x2  
  20  2:00  Zergling x4  
  26  2:09  Drone  
  26  2:10  Drone  
  28  2:21  Drone x2  
  30  2:30  Spore Crawler  
  30  2:36  Hatchery  
  29  2:37  Drone x2  
  29  2:40  Queen  
  33  2:45  Overlord  
  33  2:48  Drone  
  34  2:53  Drone x2  
  36  3:04  Drone x2  
  38  3:07  Drone, Roach Warren  
  38  3:09  Drone  
  39  3:13  Overlord  
  39  3:16  Drone  
  40  3:25  Overlord  
  40  3:27  Queen  
  42  3:48  Roach x5  
  52  3:50  Roach  
  52  3:51  Drone x2  
  52  3:53  Queen  
  52  3:55  Overlord  
  58  3:59  Drone  
  58  4:00  Drone  
  58  4:02  Lair  
  60  4:10  Overlord  
  60  4:13  Drone  
  60  4:14  Drone x4  
  66  4:17  Drone  
  66  4:23  Spore Crawler  
  65  4:28  Queen  
  65  4:29  Drone x3  
  65  4:30  Drone  
  71  4:34  Spore Crawler  
  71  4:36  Drone x2, Extractor  
  72  4:38  Drone  
  72  4:40  Drone  
  72  4:43  Drone  
  74  4:49  Overlord  
  74  4:50  Overlord  
  74  4:52  Spore Crawler  
  74  4:55  Drone  
  74  4:58  Overlord  
  74  5:00  Overseer  
  74  5:06  Overlord  
  74  5:08  Drone x5  
  74  5:10  Drone, Overseer  
  80  5:18  Drone x2  
  82  5:21  Drone x3  
  82  5:23  Drone  
  82  5:25  Drone x3  
  87  5:31  Drone x4  
  87  5:34  Evolution Chamber  
  87  5:35  Evolution Chamber  
  89  5:39  Drone x4  
  89  5:40  Extractor  
  89  5:42  Extractor x2  
  91  5:43  Extractor  
  91  5:46  Drone x4  
  93  5:53  Drone  
  93  5:55  Overlord  
  94  5:58  Drone  
  94  6:03  Zerg Missile Weapons Level 1, Zerg Ground Armor Level 1, Hatchery  
  94  6:13  Spore Crawler  
  94  6:16  Overlord  
  94  6:17  Overlord  
  94  6:18  Pneumatized Carapace  
  93  6:20  Drone x2  
  93  6:23  Spore Crawler  
  94  6:29  Roach  
  94  6:30  Roach x6  
  108  6:38  Drone x7  
  108  6:39  Drone  
  116  6:40  Drone  
  116  6:41  Glial Reconstitution  
  116  6:42  Roach  
  116  6:45  Overlord  
  119  6:51  Roach  
  119  6:52  Drone  
  122  6:55  Metabolic Boost  
  122  6:56  Spore Crawler  
  122  6:57  Roach  
  122  6:59  Infestation Pit  
  122  7:01  Overlord  
  121  7:12  Drone x4  
  121  7:13  Drone x2  
  121  7:14  Roach x2  
  131  7:15  Overlord  
  131  7:18  Drone x2  
  131  7:21  Queen  
  131  7:22  Queen  
  137  7:26  Roach x3  
  137  7:29  Overlord  
  143  7:30  Spore Crawler  
  143  7:35  Roach x3  
  143  7:36  Drone, Hive  
  149  7:39  Queen, Baneling Nest  
  149  7:42  Overlord  
  150  7:48  Drone x2  
  151  7:51  Overlord  
  151  7:55  Roach  
  151  7:56  Roach  
  151  7:57  Hatchery  
  142  7:58  Zerg Missile Weapons Level 2, Zerg Ground Armor Level 2  
  142  8:00  Roach x4  
  142  8:01  Roach  
  144  8:07  Overlord  
  144  8:12  Drone x5  
  149  8:13  Infestor x2  
  149  8:14  Zergling x6, Extractor  
  149  8:15  Zergling x2  
  149  8:16  Overlord  
  156  8:23  Overlord  
  156  8:30  Zergling x2  
  156  8:31  Zergling x8, Centrifugal Hooks  
  156  8:34  Ravager x3, Overlord  
  166  8:41  Zergling x6, Roach x3  
  166  8:42  Zergling x4  
  166  8:47  Overlord  
  171  8:51  Viper  
  173  8:56  Baneling x6  
  173  8:58  Zergling x18  
  173  9:02  Roach  
  184  9:07  Roach x2  
  165  9:11  Roach x2  
  165  9:13  Queen  
  166  9:17  Ravager  
  166  9:19  Roach x5  
  166  9:22  Drone  
  160  9:26  Roach  
  160  9:27  Roach  
  160  9:28  Hatchery  
  160  9:29  Roach  
  142  9:40  Roach x3  
  142  9:41  Roach x3  
  142  9:43  Zergling x4  
  151  9:50  Roach x2  
  152  9:58  Drone x6  
  152  9:59  Drone x2  
  153  10:02  Ravager x3  
  153  10:04  Roach x2  
  153  10:05  Roach x2  
  164  10:09  Roach  
  164  10:10  Roach x2  
  168  10:14  Roach  
  168  10:19  Roach x3  
  175  10:21  Ravager x2  
  175  10:22  Roach x3  
  175  10:26  Roach  
  181  10:30  Roach x2  
  181  10:31  Overlord x2  
  181  10:33  Roach  
  170  10:36  Roach x2  
  170  10:40  Roach  
  170  10:41  Viper  
  179  10:46  Roach x2  
  183  10:52  Roach x2  
  183  10:56  Roach x2  
  191  11:01  Roach x4  
  199  11:10  Zergling x2, Roach x3  
  188  11:27  Hatchery  
  188  11:28  Viper x2  
  188  11:32  Drone x8  
  195  11:33  Drone x5  
  195  11:35  Extractor x2  
  198  11:42  Ravager x2, Ultralisk Cavern  
  199  11:50  Overlord  
  180  12:01  Overlord  
  180  12:02  Overlord x2  
  180  12:07  Zerg Ground Armor Level 3  
  180  12:08  Zerg Melee Weapons Level 1  
  171  12:09  Zergling x2  
  171  12:10  Zergling x18  
  171  12:12  Drone x2  
  183  12:32  Chitinous Plating  
  183  12:36  Ultralisk  
  183  12:37  Ultralisk  
  195  12:38  Drone x4  
  174  12:55  Ultralisk x2, Zergling x2  
  174  12:56  Zergling x10  
  160  13:04  Zergling x16  
  148  13:14  Zergling x10  
  148  13:15  Zergling x12  
  155  13:27  Drone x5  
  138  13:31  Zergling x2, Roach x2  
  127  13:34  Zergling x2  
  127  13:35  Zergling x4  
  127  13:37  Queen  
  126  13:42  Ultralisk  
  127  13:49  Zergling x4  
  127  13:50  Zergling x2  
  130  14:01  Hatchery, Viper x2  
  132  14:18  Roach x2  
  132  14:19  Zergling x10  
  132  14:20  Overseer  
  132  14:22  Overlord  
  139  14:26  Baneling x14  
  139  14:27  Zergling x10  
  139  14:30  Spore Crawler  

Tags
 
Add a new tag
Caveats
  • Supply blocks, unpowered buildings, or Contaminate may cause inaccurate times.
  • Supply counts are checked every 10 seconds.